Map: Tryton ER

Players

Szylt - Winner!

  • Race: Protoss Protoss
  • League: Diamond
  • Spawn Location: 11:00

kers

  • Race: Protoss Protoss
  • League: Platinum
  • Spawn Location: 5:00

VOD

Have the link to the VOD?

Description

Time

  • Played on: March 5, 2020, 1:51 p.m.
  • Length: 13:27
Show
View Real Time Build Order
Export as new Build Order

Szylt Protoss - Winner!

Build Orders: Mass Adepts 

Get SALT Encoding   

  12  0:01  Probe  
  13  0:13  Probe  
  14  0:17  Pylon  
  14  0:25  Probe (Chrono Boost)  
  15  0:35  Gateway  
  15  0:39  Probe (Chrono Boost)  
  16  0:45  Assimilator  
  16  0:58  Probe  
  17  1:05  Gateway  
  17  1:18  Assimilator  
  17  1:21  Probe (Chrono Boost), Assimilator  
  17  1:25  Cybernetics Core  
  18  1:38  Probe  
  19  2:02  Probe  
  19  2:05  Adept (Chrono Boost)  
  22  2:16  Gateway x2  
  22  2:22  Pylon  
  22  2:25  Warp Gate  
  22  2:40  Adept x2  
  26  2:49  Probe  
  27  3:01  Probe  
  27  3:04  Adept  
  30  3:10  Pylon  
  30  3:12  Pylon  
  30  3:28  Adept x2  
  30  3:31  Adept  
  30  3:33  Adept  
  36  4:27  Adept x3  
  36  4:28  Adept  
  42  4:44  Probe  
  43  4:48  Gateway  
  43  4:50  Gateway  
  43  4:55  Forge  
  33  5:34  Protoss Shields Level 1 (Chrono Boost)  
  25  5:50  Zealot x3  
  29  5:57  Pylon  
  29  6:02  Zealot x3  
  35  6:12  Nexus  
  35  6:15  Pylon  
  35  6:19  Shield Battery  
  35  6:24  Zealot  
  37  6:35  Robotics Facility  
  37  6:43  Probe  
  38  6:55  Probe  
  38  6:58  Stalker  
  41  7:09  Stalker  
  41  7:10  Stalker  
  41  7:15  Probe  
  46  7:18  Protoss Ground Weapons Level 1  
  46  7:25  Twilight Council  
  46  7:30  Observer  
  46  7:33  Probe x2 (Chrono Boost)  
  49  7:42  Probe (Chrono Boost)  
  49  7:43  Probe (Chrono Boost)  
  51  7:46  Assimilator  
  51  7:47  Probe x2 (Chrono Boost)  
  53  8:01  Immortal (Chrono Boost)  
  53  8:03  Zealot  
  59  8:07  Charge  
  59  8:16  Probe x2  
  61  8:24  Pylon  
  61  8:27  Assimilator  
  61  8:28  Probe x2  
  63  8:42  Stalker x2  
  63  8:46  Probe x2  
  69  8:50  Photon Cannon  
  69  8:55  Photon Cannon  
  69  9:05  Immortal  
  69  9:09  Probe (Chrono Boost)  
  75  9:14  Probe (Chrono Boost)  
  75  9:19  Probe (Chrono Boost)  
  75  9:23  Probe (Chrono Boost)  
  77  9:32  Stalker x2  
  77  9:33  Stalker  
  83  9:43  Nexus  
  83  9:50  Pylon  
  83  9:51  Probe x2  
  85  10:01  Protoss Ground Armor Level 1 (Chrono Boost)  
  85  10:15  Photon Cannon  
  85  10:17  Pylon  
  85  10:24  Zealot  
  85  10:25  Zealot x3  
  93  10:33  Pylon  
  93  10:40  Stalker x2  
  97  10:45  Immortal  
  101  10:55  Pylon  
  101  10:56  Pylon  
  101  11:12  Adept  
  101  11:15  Pylon  
  101  11:18  Pylon  
  103  11:19  Photon Cannon  
  103  11:21  Photon Cannon  
  85  11:50  Zealot x5  
  85  12:06  Immortal  
  75  12:11  Zealot x3  
  75  12:12  Zealot  
  73  12:32  Zealot  
  73  12:33  Zealot x3  
  81  12:44  Probe x2  
  81  12:46  Assimilator  
  81  12:47  Assimilator  
  81  12:51  Templar Archives  
  81  12:54  Gateway  
  81  12:55  Gateway  
  81  12:56  Pylon  
  81  12:57  Gateway x2  
  81  12:58  Pylon  
  81  13:00  Pylon  
  81  13:05  Adept x2  
Show
View Real Time Build Order
Export as new Build Order

kers Protoss 

Build Orders: 1 Gate Expand 

Get SALT Encoding   

  12  0:00  Probe  
  13  0:13  Probe  
  14  0:18  Pylon  
  14  0:25  Probe  
  15  0:37  Probe (Chrono Boost)  
  16  0:43  Gateway  
  16  0:48  Assimilator  
  16  0:49  Probe (Chrono Boost)  
  17  0:58  Probe (Chrono Boost)  
  17  1:03  Probe  
  19  1:15  Probe  
  20  1:27  Probe  
  21  1:33  Nexus  
  21  1:39  Probe  
  22  1:42  Pylon  
  22  1:52  Cybernetics Core  
  21  2:05  Probe  
  21  2:07  Zealot (Chrono Boost)  
  24  2:17  Probe  
  25  2:29  Probe, Robotics Facility  
  26  2:32  Adept  
  28  2:41  Probe  
  28  2:42  Assimilator  
  29  2:47  Probe  
  30  2:53  Probe  
  30  2:55  Warp Gate (Chrono Boost)  
  31  2:59  Probe  
  32  3:05  Probe  
  32  3:10  Assimilator  
  32  3:11  Probe  
  34  3:15  Pylon  
  34  3:17  Probe  
  35  3:23  Probe  
  35  3:24  Sentry  
  38  3:30  Probe  
  39  3:35  Probe  
  39  3:36  Observer  
  41  3:42  Probe  
  41  3:43  Gateway  
  41  3:44  Gateway  
  41  3:47  Probe  
  41  3:54  Probe  
  39  4:02  Probe  
  39  4:06  Probe  
  35  4:14  Probe  
  32  4:18  Probe  
  30  4:25  Stalker  
  30  4:26  Probe (Chrono Boost)  
  28  4:34  Probe (Chrono Boost)  
  28  4:39  Probe (Chrono Boost)  
  28  4:44  Probe (Chrono Boost)  
  28  4:45  Probe (Chrono Boost)  
  28  4:52  Stalker  
  27  4:54  Stalker  
  28  5:03  Stalker  
  22  5:19  Zealot  
  18  5:28  Probe  
  17  6:00  Probe (Chrono Boost)  
  17  6:03  Probe (Chrono Boost)  
  19  6:12  Probe (Chrono Boost)  
  19  6:15  Probe (Chrono Boost)  
  21  6:23  Probe  
  22  6:29  Probe  
  23  6:35  Probe (Chrono Boost)  
  24  6:44  Probe (Chrono Boost)  
  25  6:48  Probe (Chrono Boost)  
  27  6:56  Probe (Chrono Boost)  
  27  6:57  Probe (Chrono Boost)  
  28  7:05  Probe (Chrono Boost), Sentry  
  28  7:07  Sentry  
  28  7:08  Probe (Chrono Boost)  
  34  7:12  Probe (Chrono Boost)  
  34  7:15  Probe (Chrono Boost)  
  36  7:19  Probe  
  36  7:20  Sentry  
  39  7:25  Observer  
  39  7:26  Probe  
  41  7:31  Probe  
  42  7:38  Probe  
  42  7:40  Sentry  
  42  7:43  Probe  
  46  7:47  Pylon  
  46  7:50  Pylon  
  47  8:05  Probe x2  
  47  8:09  Twilight Council  
  48  8:13  Adept  
  48  8:17  Probe x2  
  52  8:30  Probe x2  
  54  8:40  Stalker  
  54  8:41  Stalker  
  58  8:42  Probe x2  
  60  8:50  Assimilator  
  60  8:52  Pylon x2  
  60  8:54  Probe x2  
  62  8:55  Charge (Chrono Boost)  
  62  9:10  Probe x2  
  62  9:16  Pylon  
  64  9:18  Pylon  
  64  9:21  Pylon, Zealot x2  
  64  9:22  Probe x2  
  64  9:23  Forge  
  70  9:27  Templar Archives  
  70  9:30  Immortal (Chrono Boost)  
  70  9:34  Probe x2  
  76  9:46  Probe x2  
  78  9:58  Probe x2, Protoss Ground Weapons Level 1  
  80  10:00  Immortal (Chrono Boost)  
  84  10:10  Probe x2  
  86  10:15  Zealot x3  
  92  10:22  Probe x2  
  94  10:33  Pylon  
  94  10:34  Probe x2, Blink  
  96  10:36  Pylon  
  96  10:38  Pylon  
  96  10:46  Probe x2, Gateway, Sentry  
  96  10:47  Sentry  
  96  10:48  Gateway  
  102  10:52  Stalker  
  102  10:53  Immortal (Chrono Boost)  
  108  10:59  Probe x2  
  110  11:11  Probe x2  
  111  11:15  High Templar x2  
  116  11:23  Probe  
  116  11:24  Probe  
  118  11:28  Pylon  
  118  11:29  Archon  
  118  11:30  Pylon x2  
  118  11:35  Probe  
  118  11:36  Probe  
  116  11:47  Probe, High Templar x2  
  116  11:48  Probe  
  110  11:55  Immortal  
  108  12:04  Zealot x2  
  108  12:05  Zealot  
  72  12:25  Stalker x3  
  72  12:26  Shield Battery  
  70  12:36  High Templar x2  
  68  12:46  Archon  
  68  12:50  Stalker x3  
  56  13:05  Stalker  
Tags
 
Composition
Mass Adepts
Matchup
PvP
Spawn Locations
Cross Positions
Add a new tag
Caveats
  • Supply blocks, unpowered buildings, or Contaminate may cause inaccurate times.
  • Supply counts are checked every 10 seconds.